 Dungeon Crawl Stone Soup version 0.23-b1-70-gd12f7cf (webtiles) character file.

Game seed: 14243727300532337925

1178 doot the Poker (level 8, -1/58 HPs)
             Began as a Merfolk Transmuter on Feb 6, 2019.
             Was an Initiate of Sif Muna.
             Slain by a hornet (7 damage)
             ... on level 7 of the Dungeon.
             The game lasted 00:21:33 (7871 turns).

doot the Poker (Merfolk Transmuter)                 Turns: 7871, Time: 00:21:33

Health: -1/58      AC:  5    Str:  9 (10) XL:     8   Next: 42%
Magic:  14/14      EV: 14    Int: 12 (15) God:    Sif Muna [......]
Gold:   375        SH:  3    Dex: 12 (14) Spells: 4/15 levels left

rFire    + . .     SeeInvis .   p - +1 halberd
rCold    + . .     Gourm    .   (shield currently unavailable)
rNeg     . . .     Faith    .   b - +0 robe
rPois    +         Spirit   .   (no helmet)
rElec    +         Reflect  +   y - +0 cloak
rCorr    +         Harm     .   g - +1 pair of gloves
MR       .....                  (no boots)
Stlth    ++........             k - +3 amulet of reflection
HPRegen  0.19/turn              E - ring of ice
MPRegen  0.14/turn              w - ring of fire

@: lethally poisoned (-1 -> -22), resistant, slowed, very slow
A: change form in water, swift swim, stealthy swim
a: Renounce Religion


You were on level 7 of the Dungeon.
You worshipped Sif Muna.
Sif Muna was noncommittal.
You were not hungry.

You visited 2 branches of the dungeon, and saw 8 of its levels.

You collected 375 gold pieces.

Inventory:

Hand Weapons
 l - a +0 trident
 p - a +1 halberd (weapon)
 C - a +3 quarterstaff of chaos
Missiles
 a - 61 arrows
Armour
 b - a +0 robe (worn)
 g - a +1 pair of gloves (worn)
 y - a +0 cloak (worn)
Magical Staves
 P - an uncursed staff of death
Jewellery
 k - a +3 amulet of reflection (around neck)
 m - an uncursed ring of protection from fire
 w - a ring of fire (right hand)
 E - a ring of ice (left hand)
Wands
 n - a wand of flame (17)
 o - a wand of iceblast (6)
 q - a wand of disintegration (7)
 z - a wand of polymorph (9)
 J - a wand of acid (9)
Scrolls
 c - a scroll of enchant weapon
 f - 8 scrolls of identify
 h - 5 scrolls of enchant armour
 i - 2 scrolls of fear
 r - 2 scrolls of amnesia
 x - 2 scrolls of fog
 B - a scroll of teleportation {unknown}
 D - 2 scrolls of random uselessness
 F - a scroll of remove curse {unknown}
 H - a scroll of immolation {unknown}
 K - a scroll of magic mapping {unknown}
 M - a scroll of brand weapon {unknown}
 N - a scroll of vulnerability {unknown}
Potions
 e - a potion of magic {unknown}
 s - a potion of mutation {unknown}
 v - 2 potions of lignification
 A - 2 potions of curing
 I - a potion of brilliance {unknown}
 L - a potion of heal wounds {unknown}
Comestibles
 d - 10 rations
 O - 2 chunks of flesh


   Skills:
 + Level 3.3 Fighting
 + Level 6.2 Polearms
 + Level 4.3 Dodging
 + Level 1.5 Stealth
 + Level 5.5 Unarmed Combat
 + Level 4.2 Spellcasting
 + Level 6.1 Transmutations
 + Level 1.3 Poison Magic


You had 4 spell levels left.
You knew the following spells:

 Your Spells              Type           Power        Failure   Level  Hunger
a - Beastly Appendage     Tmut           ###...       1%          1    None
b - Sticks to Snakes      Tmut           ###.....     2%          2    ##.....
c - Spider Form           Tmut/Pois      ##........   14%         3    ###....
d - Blade Hands           Tmut           ###.......   43%         5    ######.

Your spell library contained the following spells:

 Spells                   Type           Power        Failure   Level  Hunger
 Flame Tongue             Conj/Fire      #....        22%         1    None
 Magic Dart               Conj           #...         22%         1    None
 Blink                    Tloc           N/A          32%         2    ##.....
 Call Imp                 Summ           #.......     32%         2    ##.....
 Slow                     Hex            #.......     32%         2    ##.....
 Throw Flame              Conj/Fire      #.....       32%         2    ##.....
 Mephitic Cloud           Conj/Pois/Air  #.......     47%         3    ###....
 Ice Form                 Ice/Tmut       ##......     52%         4    ####...
 Conjure Flame            Conj/Fire      #.......     54%         3    ###....
 Inner Flame              Hex/Fire       #.......     54%         3    ###....
 Sticky Flame             Conj/Fire      #.......     91%         4    ####...
 Fireball                 Conj/Fire      #.........   99%         5    ######.


Dungeon Overview and Level Annotations

Branches:
Dungeon (7/15)             Temple (1/1) D:6

Altars:
Ashenzari
Cheibriados
Dithmenos
Elyvilon
Fedhas
Gozag
Hepliaklqana
Kikubaaqudgha
Makhleb
Nemelex Xobeh
Okawaru
Ru
Sif Muna
Trog
Uskayaw
Wu Jian
Xom
Yredelemnul
Zin
The Shining One

Annotations:
D:7 Dowan


Message History

You feel less confused.
You feel very sick.
The bullfrog hits you but does no damage.
The hornet stings you.
You are lethally poisoned!
You suddenly lose the ability to move!
The bullfrog hits you. The hornet stings you.
* * * LOW HITPOINT WARNING * * *
You feel as though you will be slow longer.
Dowan points at you and mumbles some strange words.
The puff of frost hits you!
* * * LOW HITPOINT WARNING * * *
You can move again.
Unknown command.
It was a potion of resistance.
You feel protected.
* * * LOW HITPOINT WARNING * * *
You feel very sick. The bullfrog barely misses you. The hornet stings you!
You die...

#####...#.......###..
#....#.......##.##
##...............##
#..##......e....##
##..##....#...#....
###...#.....#..<#...F
#....##.#...#.....###
#...eys.#..###......#
##..@Fl##..# ##.#....
##.####.... ####...
## ##..)# ##. ##### .


You could see a hornet, Dowan, a bullfrog, a scorpion and an iguana.

Vanquished Creatures
  A sky beast (D:6)
  A centaur (D:5)
  Blork the orc (D:4)
  2 bullfrogs (D:7)
  A gnoll sergeant (D:5)
  4 wights (D:6)
  A crimson imp (D:6)
  An orc priest (D:3)
  Crazy Yiuf (D:2)
  A jelly (D:6)
  3 orc wizards
  A bullfrog skeleton (D:5)
  Terence (D:2)
  An iguana (D:4)
  Natasha (twice) (D:2)
  2 worker ants
  2 hound skeletons
  A howler monkey zombie (D:6)
  4 gnolls (D:5)
  6 adders
  A shadow imp (D:6)
  An ooze (D:3)
  An adder zombie (D:5)
  A worm (D:3)
  3 dart slugs
  2 leopard geckos
  14 orcs
  4 bats
  7 giant cockroaches
  6 hobgoblins
  3 jackals (D:4)
  9 kobolds
  A quokka (D:4)
  A ball python (D:3)
  4 frilled lizards
  7 goblins
  2 leopard gecko skeletons
  2 quokka skeletons
  8 rats
  A fungus (D:2)
115 creatures vanquished.

Vanquished Creatures (collateral kills)
  Natasha (D:2)
  An orc (D:7)
  2 goblins
  A hobgoblin (D:2)
  2 jackals (D:2)
  A bat (D:2)
  A rat (D:2)
9 creatures vanquished.

Grand Total: 124 creatures vanquished

Notes
Turn   | Place    | Note
-------+----------+-------------------------------------------
     0 | D:1      | doot the Merfolk Transmuter began the quest for the Orb.
     0 | D:1      | Reached XP level 1. HP: 15/15 MP: 3/3
   191 | D:1      | Reached XP level 2. HP: 17/21 MP: 3/5
   240 | D:1      | Learned a level 2 spell: Sticks to Snakes
   405 | D:2      | Noticed Natasha
   571 | D:4      | Reached XP level 3. HP: 18/26 MP: 1/6
   858 | D:4      | Learned a level 3 spell: Spider Form
   870 | D:4      | Reached XP level 4. HP: 23/32 MP: 3/7
  1293 | D:4      | Noticed Blork the orc
  1629 | D:3      | Reached XP level 5. HP: 35/37 MP: 5/9
  1825 | D:5      | Entered Level 5 of the Dungeon
  1968 | D:5      | Found a snail-covered altar of Cheibriados.
  2306 | D:5      | Reached skill level 1 in Polearms
  2437 | D:5      | Reached XP level 6. HP: 25/43 MP: 6/10
  2842 | D:5      | Reached skill level 5 in Unarmed Combat
  3181 | D:5      | Reached XP level 7. HP: 31/50 MP: 7/12
  3220 | D:5      | Learned a level 5 spell: Blade Hands
  3342 | D:6      | Reached skill level 5 in Transmutations
  3342 | D:6      | Reached skill level 1 in Poison Magic
  3626 | D:6      | Found a staircase to the Ecumenical Temple.
  3637 | Temple   | Entered the Ecumenical Temple
  3723 | Temple   | Became a worshipper of Sif Muna the Loreminder
  3873 | D:2      | Killed Natasha
  3999 | D:2      | Noticed Natasha
  4015 | D:2      | Killed Natasha
  4073 | D:2      | Noticed Terence
  4089 | D:2      | Killed Terence
  4141 | D:2      | Noticed Natasha
  4155 | D:2      | Killed Natasha
  4259 | D:2      | Learned a level 1 spell: Flame Tongue
  4681 | D:2      | Found a runed translucent door.
  4682 | D:2      | Noticed Crazy Yiuf
  4688 | D:2      | Killed Crazy Yiuf
  4853 | D:1      | Reached XP level 8. HP: 58/58 MP: 12/14
  6183 | D:4      | Killed Blork the orc
  6183 | D:4      | Reached skill level 5 in Polearms
  7202 | D:6      | Found a snail-covered altar of Cheibriados.
  7203 | D:6      | Found an iron altar of Okawaru.
  7204 | D:6      | Found a sparkling altar of Nemelex Xobeh.
  7205 | D:6      | Found an ancient bone altar of Kikubaaqudgha.
  7206 | D:6      | Found a shimmering altar of Xom.
  7232 | D:6      | Reached skill level 1 in Stealth
  7832 | D:7      | Noticed Dowan
  7839 | D:7      | Noticed a hornet
  7853 | D:7      | Paralysed by a hornet for 3 turns
  7865 | D:7      | Paralysed by a hornet for 1 turns
  7870 | D:7      | Paralysed by a hornet for 1 turns
  7871 | D:7      | Slain by a hornet

Skill      XL: |  1  2  3  4  5  6  7  8 |
---------------+-------------------------+-----
Transmutations | 3 4 5 6 |  6.1
Dodging        | 3 4 |  4.3
Unarmed Combat | 4 5 |  5.5
Spellcasting   | 3 4 |  4.2
Polearms       | 2 3 4 6 |  6.2
Fighting       | 2 3 |  3.3
Poison Magic   | 1 |  1.3
Stealth        | 1 |  1.5

Action                   |  1- 3 |  4- 6 |  7- 9 || total
-------------------------+-------+-------+-------++-------
Melee: Unarmed           |    59 |    58 |    36 ||   153
       Headbutt          |     6 |    10 |    12 ||    28
       Trident           |       |    18 |       ||    18
       Halberd           |       |    54 |   147 ||   201
       Tailslap          |       |     3 |     3 ||     6
 Cast: Beastly Appendage |    12 |    11 |    12 ||    35
       Sticks to Snakes  |     3 |     2 |    21 ||    26
       Spider Form       |     1 |     8 |     3 ||    12
       Flame Tongue      |       |       |    25 ||    25
       Blade Hands       |       |       |     3 ||     3
Evoke: Wand              |       |       |     2 ||     2
  Use: Scroll            |       |       |     7 ||     7
       Potion            |       |       |     7 ||     7
 Stab: Distracted        |       |       |     1 ||     1
       Sleeping          |       |       |     1 ||     1
  Eat: Chunk             |       |     9 |    11 ||    20
       Ration            |       |       |     2 ||     2
Armor: Robe              |     4 |    11 |    27 ||    42
       Skin              |       |       |    27 ||    27
Dodge: Dodged            |    23 |    89 |   116 ||   228
Block: Other             |     3 |    10 |    25 ||    38
       Reflection        |       |       |     3 ||     3
